AoeStats
← the shy

Arena

504686797Analyzed
4v4 RM · 27d ago on Sep 6, 2026· 29m 52s· 8 players
Game mode
Random Map
Map size
Large (8 player)
Population
200
Speed
Normal
Resources
Standard
Victory
Conquest
Starting age
Dark Age
Ending age
Imperial Age
RankedLock teamsTeams togetherTeam positionsShared explorationLock speedFull tech treeHidden civsTurbo modeCheats
Victory
Defeat
🇦🇷 Turks · Argentina
1502
+16
🇨🇷 Gurjaras · Costa Rica
1464
+18
🇲🇽 Bulgarians · Mexico
1440
+19
🇨🇳 Franks · China
1277
+24
🇨🇳 Khmer · China
1595
-23
🇨🇳 Persians · China
1501
-20
🇨🇳 Britons · China
1446
-17
🇻🇪 Hindustanis · Venezuela
1437
-17
185双开门
11:12 Feudal Age
11:51 Double-Bit Axe
12:22 Horse Collar
14:46 Castle Age
16:09 Wheelbarrow
16:04 Bow Saw
15:56 Heavy Plow
22:52 Hand Cart
22:22 Loom
22:52 Stone Mining
22:52 Gold Mining
23:53 Gold Mining
26:05 Stone Shaft Mining
26:05 Gold Shaft Mining
26:06 Town Watch
26:29 Scale Barding Armor
26:35 Forging
26:52 Bloodlines
26:42 Husbandry
28:09 Chain Barding Armor
29:27 Iron Casting
the shy
10:32 Feudal Age
13:14 Castle Age
11:24 Double-Bit Axe
12:05 Horse Collar
15:08 Bow Saw
21:45 Wheelbarrow
23:08 Gold Mining
23:14 Loom
25:05 Scale Barding Armor
28:00 Husbandry
28:11 Bloodlines
29:33 Hand Cart
JITUI1379
11:09 Feudal Age
14:43 Castle Age
12:39 Double-Bit Axe
13:49 Horse Collar
16:02 Bow Saw
18:55 Loom
20:47 Wheelbarrow
21:03 Fletching
21:58 Bodkin Arrow
Potro Occidental
11:19 Feudal Age
12:13 Double-Bit Axe
14:54 Castle Age
12:39 Horse Collar
16:07 Bow Saw
17:16 Wheelbarrow
21:12 Hand Cart
22:07 Loom
26:12 Bloodlines
26:16 Forging
等等等等
9:51 Feudal Age
13:36 Castle Age
12:02 Double-Bit Axe
17:02 Bow Saw
20:54 Husbandry
21:59 Scale Barding Armor
23:08 Wheelbarrow
23:48 Forging
24:39 Chain Barding Armor
28:45 Iron Casting
Wolobo
11:00 Feudal Age
14:40 Castle Age
12:32 Double-Bit Axe
13:28 Horse Collar
14:52 Loom
15:33 Forging
15:48 Fletching
15:45 Town Watch
17:44 Scale Barding Armor
26:06 Wheelbarrow
Daniel Lothbrok
10:25 Feudal Age
15:03 Castle Age
12:56 Double-Bit Axe
12:54 Horse Collar
14:57 Loom
17:58 Forging
20:20 Bow Saw
20:59 Heavy Plow
21:43 Iron Casting
24:26 Wheelbarrow
23:37 Town Watch
25:42 Stone Mining
27:01 Hand Cart
29:08 Fletching
33:02 Imperial Age
DiegoRasta
9:41 Loom
11:28 Feudal Age
15:47 Castle Age
13:31 Horse Collar
19:58 Imperial Age
17:30 Double-Bit Axe
18:45 Bow Saw
19:40 Gold Mining
21:20 Padded Archer Armor
Connection lost

Rejoining the realm…

Still unreachable

The connection could not be restored.

Session expired

The server has moved on; the page needs a fresh start.